 Dungeon Crawl Stone Soup version 0.31-a0-675-g238779eb0a (webtiles) character file.

Game seed: 14767511245212205648

238858 qw the Crack Shot (level 19, -20/135 HPs)
             Began as a Gargoyle Hunter on Sept 5, 2023.
             Was a High Priest of Okawaru.
             Demolished by a vault warden
             ... wielding a +3 bardiche
              (36 damage)
             ... on level 3 of the Vaults.
             The game lasted 00:22:54 (40091 turns).

qw the Crack Shot (Gargoyle Hunter)                Turns: 40091, Time: 00:22:55

Health: -20/135    AC: 35    Str: 22    XL:     19   Next: 73%
Magic:  26/26      EV: 34    Int: 13    God:    Okawaru [*****.]
Gold:   747        SH:  0    Dex: 25    Spells: 18/18 levels left

rFire   + + .        s - +7 triple crossbow (drain)
rCold   + . .        (shield currently unavailable)
rNeg    + + .        q - +2 leather armour "Boyhiwy" {Will+ Slay+2}
rPois   inf          h - +2 helmet {Int+3}
rElec   +            A - scarf {rC+ rF+}
rCorr   .            w - +5 pair of gloves of an ice cave {+Inv Str+5}
SInv    .            r - +1 pair of boots "Willeth" {rN+ Will+}
Will    +++..        o - amulet of faith
Stlth   ++++         Y - +5 ring of evasion
HPRegen 0.42/turn    B - +6 ring of dexterity
MPRegen 0.20/turn

%: faith
@: about to teleport, heroic, marked, flying
A: sickness immunity, AC +14, big wings, negative energy resistance 1,
electricity resistance, torment resistance 1, petrification resistance, fire
resistance 1, sense surroundings 1, wild magic 1
}: 1/15 runes: serpentine
a: Renounce Religion, Evoke Invisibility, Heroism, Finesse, Duel


You were on level 3 of the Vaults.
You worshipped Okawaru.
Okawaru was extremely pleased with you.
You visited 7 branches of the dungeon, and saw 33 of its levels.

You collected 3737 gold pieces.
You spent 2990 gold pieces at shops.


Innate Abilities, Weirdness & Mutations

You are immune to sickness and miasma.
Your stone body is resilient. (AC +14)
You are immune to poison.
Your large and strong wings let you fly.
You resist negative energy. (rN+)
You are resistant to electric shocks. (rElec)
You are resistant to unholy torment.
You are immune to petrification.
Your flesh is heat resistant. (rF+)
You passively map a small area around you.
Your spells are a little harder to cast, but a little more powerful.


   Skills:
 - Level 20.0(25.0) Fighting
 - Level 22.0(27) Ranged Weapons
 - Level 12.5(17.5) Armour
 + Level 13.3(18.3) Dodging
 - Level 1.1(6.1) Stealth
 - Level 10.0 Invocations


You had 18 spell levels left.
You didn't know any spells.
Your spell library was empty.

Inventory:

Hand Weapons
 s - a +7 triple crossbow of draining (weapon)
Armour
 d - a +0 robe of resistance
 f - a +2 cloak
 h - a +2 helmet of intelligence (worn)
 i - the +3 ring mail of Divine Compulsion {rC+ Str+3}
   (You found it on level 3 of the Lair of Beasts)

   Str+3:     It affects your strength (+3).
   rC+:       It protects you from cold.
 q - the +2 leather armour "Boyhiwy" (worn) {Will+ Slay+2}
   (You found it on level 2 of the Vaults)

   Slay+2:    It affects your accuracy & damage with ranged weapons and melee
   (+2).
   Will+:     It increases your willpower.
 r - the +1 pair of boots "Willeth" (worn) {rN+ Will+}
   (You acquired it on level 6 of the Dungeon)

   rN+:       It protects you from negative energy.
   Will+:     It increases your willpower.
 w - the +5 pair of gloves of an ice cave (worn) {+Inv Str+5}
   (Okawaru gifted it to you on level 5 of the Lair of Beasts)

   Str+5:     It affects your strength (+5).
   +Inv:      It lets you turn invisible.
 A - a scarf of resistance (worn)
 C - a +0 ring mail of fire resistance
Jewellery
 o - an amulet of faith (around neck)
 t - an amulet of reflection
 u - a ring of protection from fire
 B - a +6 ring of dexterity (right hand)
 Y - a +5 ring of evasion (left hand)
Wands
 l - a wand of digging (3)
Scrolls
 a - 18 scrolls of identify
 b - a scroll of teleportation
 j - a scroll of enchant armour
Potions
 c - 3 potions of enlightenment
 e - 7 potions of might
 g - 7 potions of mutation
 k - 4 potions of magic
 n - 16 potions of curing
 p - 2 potions of cancellation
 x - 4 potions of haste
 z - 2 potions of heal wounds

Dungeon Overview and Level Annotations

Branches:
Dungeon (15/15)            Temple (1/1) D:5            Lair (5/5) D:11
 Shoals (3/4) Lair:2        Snake (4/4) Lair:2        Slime (0/5) Lair:5
    Orc (2/2) D:12            Elf (0/3) Orc:2        Vaults (3/5) D:14
  Crypt (0/3) Vaults:2     Depths (0/4) D:15

Altars:
Ashenzari
Cheibriados
Dithmenos
Elyvilon
Fedhas
Gozag
Hepliaklqana
Kikubaaqudgha
Makhleb
Nemelex Xobeh
Okawaru
Qazlal
Ru
Sif Muna
Trog
Uskayaw
Vehumet
Wu Jian
Xom
Yredelemnul
Zin
The Shining One
Jiyva
Lugonu

Shops:
D:2 **:   D:6 !   D:12 ([   Orc:2 *[(:   Shoals:1 !   Shoals:3 =   Snake:2 =:=[
Snake:4 *   Vaults:1 =(

Portals:
Abyss: Shoals:2

Annotations:
Shoals:2 1 runed translucent door
Snake:1 3 runed translucent doors, sleeves's ghost, adept BaSu
Vaults:2 1 runed translucent door


Message History

The vault warden hits you from afar with a +3 bardiche!
Enter note:
Enter note:
Enter note:
Enter note: You shoot a bolt.
The bolt hits the ironbound thunderhulk.
You drain the ironbound thunderhulk.
The ironbound thunderhulk is lightly wounded.
A yaktaur comes into view.
The vault guard completely misses you. The vault warden completely misses you.
The ironbound thunderhulk completely misses you.
You shoot a bolt.
The bolt hits the ironbound thunderhulk.
You drain the ironbound thunderhulk.
The ironbound thunderhulk is lightly wounded.
The yaktaur wields a +0 arbalest.
The yaktaur shoots a bolt.
The bolt misses you. The vault guard completely misses you.
The vault warden completely misses you.
The ironbound thunderhulk completely misses you.
You shoot a bolt.
The bolt hits the ironbound thunderhulk!
You drain the ironbound thunderhulk.
The ironbound thunderhulk is moderately wounded.
The vault warden hits you but does no damage.
The vault guard closely misses you.
A yaktaur captain comes into view.
You shoot a bolt.
The bolt hits the ironbound thunderhulk!!
You drain the ironbound thunderhulk.
The ironbound thunderhulk is severely wounded.
The ironbound thunderhulk completely misses you.
The vault guard completely misses you.
The vault warden hits you from afar with a +3 bardiche!!
40091 ||| READING 2 scrolls of teleportation.
As you read the scroll of teleportation, it crumbles to dust.
You feel strangely unstable. The vault guard completely misses you.
The vault warden hits you from afar with a +3 bardiche!!!
You die... .#..<....# ...>..#..# ######### .....###.# #.^.....# .<..## ### #.......# #....## .......* ##....# *..... ##'#### * .pp

...# *#O# ...#
#######@##### ...#
#...........# )..#
#...........# ...#
#...........# ...#
#...........# ...#
#...........#
#'########)..........#
.........c)..........#
........c#)..........#


You could see a vault warden (strong), an ironbound thunderhulk (drained), a
yaktaur captain and a vault guard (drained).

Vanquished Creatures
  Mennas (Vaults:2)
  Saint Roka (Vaults:1)
  A bone dragon (Vaults:2)
  Norris (Vaults:2)
  Mlioglotl (Snake:1)
  A kraken (Shoals:3)
  Kirke (Shoals:1)
  Gastronok (Lair:3)
  2 tengu reavers
  2 nagarajas
  A fire giant (D:15)
  3 vault wardens
  2 orc warlords
  A formless jellyfish (Vaults:2)
  5 ironbound thunderhulks
  8 ironbound preservers
  8 dire elephants
  A merfolk javelineer (Shoals:1)
  A fire dragon (D:13)
  2 entropy weavers
  Josephine (Lair:4)
  4 yaktaur captains
  4 merfolk impalers
  3 great orbs of eyes
  4 vault guards
  2 merfolk avatars
  5 salamander tyrants
  4 hydras
  4 boulder beetles
  9 anacondas
  6 ironbound frosthearts
  6 centaur warriors
  13 death yaks
  3 two-headed ogres
  A tengu warrior (D:13)
  15 naga warriors
  3 orc high priests (Orc:2)
  11 naga sharpshooters
  10 skysharks
  7 shock serpents
  5 salamander mystics
  3 naga ritualists
  7 sea snakes
  A glowing orange brain (Vaults:3)
  17 deep trolls
  11 ironbound convokers
  A flayed ghost (D:14)
  10 wizards
  19 mana vipers
  A phantasmal warrior (Vaults:2)
  8 lindwurms
  A necromancer (Vaults:1)
  3 orc knights
  6 orc sorcerers
  A faun (Shoals:1)
  4 deep elf pyromancers
  10 manticores
  33 ugly things
  12 elephants
  3 cyclopes
  27 salamanders
  A shining eye (shapeshifter) (Vaults:3)
  Joseph (D:7)
  18 naga magi
  36 black mambas
  3 water nymphs
  7 guardian serpents
  7 vault sentinels
  A water nymph (shapeshifter) (Vaults:1)
  An apocalypse crab (Shoals:2)
  Jeremiah (D:6)
  9 cane toads
  2 unseen horrors (D:11)
  12 yaktaurs
  2 torpor snails
  Maggie (D:6)
  8 komodo dragons
  6 rime drakes
  2 tengu conjurers (D:14)
  2 human skeletons (Vaults:1)
  18 merfolk
  A queen bee (D:9)
  4 trolls
  A polar bear (Lair:5)
  3 wind drakes
  Prince Ribbit (D:6)
  2 blink frogs (Lair:5)
  3 hornets
  7 dream sheep
  22 slime creatures
  An elf skeleton (Vaults:1)
  3 shadows
  13 snapping turtles
  36 yaks
  2 centaur simulacra
  A vampire (D:11)
  10 water elementals
  8 humans
  8 wraiths
  7 basilisks
  3 wyverns
  A steam dragon (D:7)
  An elf zombie (Vaults:1)
  4 hogs (Shoals:1)
  4 vampire mosquitoes
  Eustachio (D:6)
  5 wargs
  35 nagas
  2 hell hounds (Lair:5)
  15 water moccasins
  3 acid dragons
  An ice beast (D:5)
  39 orc warriors
  2 sky beasts
  A wolf (shapeshifter) (D:13)
  5 wolves (Lair:4)
  9 ogres
  15 centaurs
  3 phantoms
  12 bullfrogs
  2 scorpions
  9 wights
  36 killer bees
  14 howler monkeys
  2 electric eels (D:13)
  2 jellies (D:6)
  A gnoll bouda (D:6)
  16 orc priests
  2 hounds (D:6)
  2 iguanas
  3 sleepcaps
  Natasha (twice) (D:2)
  15 orc wizards
  Terence (D:3)
  11 gnolls
  13 adders
  3 river rats (D:4)
  A shadow imp (D:7)
  2 ufetubi (D:5)
  5 worms
  A dart slug (D:1)
  81 orcs
  11 endoplasms
  3 giant cockroaches
  19 hobgoblins
  3 quokkas
  5 ball pythons
  2 bats (D:2)
  2 frilled lizards (D:3)
  20 goblins
  14 kobolds
  6 rats
  2 tentacles (Shoals:3)
1085 creatures vanquished.

Vanquished Creatures (others)
  A naga (Snake:1)
  5 tentacles (Shoals:3)
6 creatures vanquished.

Grand Total: 1091 creatures vanquished

Notes
Turn   | Place    | Note
-------+----------+-------------------------------------------
     0 | D:1      | qw the Gargoyle Hunter began the quest for the Orb.
     0 | D:1      | Reached XP level 1. HP: 12/12 MP: 1/1
     0 | D:1      | 0 ||| qw: Version: 0.3-a-75-g829b12e
     0 | D:1      | 0 ||| qw: Game counter: 205
     0 | D:1      | 0 ||| qw: Melee chars always use a shield: true
     0 | D:1      | 0 ||| qw: God list: Okawaru
     0 | D:1      | 0 ||| qw: Allow faded altars: false
     0 | D:1      | 0 ||| qw: Do Orc after clearing Dungeon:15 true
     0 | D:1      | 0 ||| qw: Do second Lair branch before Depths: true
     0 | D:1      | 0 ||| qw: Lair rune preference: random
     0 | D:1      | 0 ||| qw: Goals: Normal
     0 | D:1      | 0 ||| PLANNING D:1-11
    72 | D:1      | Reached XP level 2. HP: 17/17 MP: 2/2
   731 | D:1      | Reached XP level 3. HP: 21/21 MP: 3/3
   849 | D:1      | 849 ||| UPGRADING to +0 pair of gloves.
   854 | D:1      | 854 ||| UPGRADING to +0 pair of boots.
   859 | D:1      | 859 ||| READING 3 scrolls labelled ZAMIR PYIK QEY.
   860 | D:1      | 860 ||| READING scroll labelled SUREIH VEFEDU.
   861 | D:1      | 861 ||| READING scroll labelled WYUXUSU FUFUTU.
   962 | D:1      | 962 ||| READING 2 scrolls of identify.
   962 | D:1      | 962 ||| IDENTIFYING green potion
   963 | D:1      | 963 ||| DROPPING scroll of butterflies.
   964 | D:1      | 964 ||| DROPPING potion of ambrosia.
   979 | D:2      | Reached skill level 5 in Ranged Weapons
  1122 | D:2      | Reached skill level 3 in Fighting
  1286 | D:2      | Reached XP level 4. HP: 27/28 MP: 4/4
  1422 | D:2      | Found Wezuo's Book Shoppe.
  1430 | D:2      | Reached skill level 1 in Armour
  1430 | D:2      | 1430 ||| UPGRADING to +0 cloak.
  1502 | D:2      | Noticed Natasha
  1507 | D:2      | Killed Natasha
  1783 | D:2      | Found Gabryta's General Store.
  1810 | D:2      | Found Baunkown's Assorted Antiques.
  1815 | D:2      | 1815 ||| BUYING ring mail (72 gold).
  1815 | D:2      | Bought a ring mail for 72 gold pieces
  1815 | D:2      | 1815 ||| SHOPLISTING runed troll leather armour (324 gold,
                  | have 68).
  1815 | D:2      | 1815 ||| BUYING scroll labelled GIUTUM HILEORR (18 gold).
  1815 | D:2      | Bought a scroll labelled GIUTUM HILEORR for 18 gold pieces
  1815 | D:2      | 1815 ||| SHOPLISTING sharpened iron wand (72 gold, have
                  | 50).
  1815 | D:2      | 1815 ||| UPGRADING to +0 ring mail.
  1825 | D:2      | 1825 ||| DROPPING +0 leather armour.
  1849 | D:2      | Noticed Natasha
  1859 | D:2      | 1859 ||| Stepping ~*~*~tactically~*~*~ (retreating).
  1860 | D:2      | 1860 ||| Stepping ~*~*~tactically~*~*~ (retreating).
  1860 | D:2      | HP: 7/28 [cerulean imp/+0 spear[Natasha] (1)]
  1861 | D:2      | 1861 ||| Stepping ~*~*~tactically~*~*~ (retreating).
  1862 | D:2      | 1862 ||| Stepping ~*~*~tactically~*~*~ (retreating).
  1863 | D:2      | 1863 ||| Stepping ~*~*~tactically~*~*~ (retreating).
  1864 | D:2      | 1864 ||| Stepping ~*~*~tactically~*~*~ (retreating).
  1865 | D:2      | Killed Natasha
  1866 | D:2      | Reached XP level 5. HP: 11/32 MP: 5/5
  2031 | D:2      | 2031 ||| READING scroll labelled ADEDOA BIWOADD.
  2032 | D:2      | 2032 ||| READING scroll labelled CIGHIA RIYRGH.
  2033 | D:2      | 2033 ||| READING scroll labelled TECKEXTIXA.
  2034 | D:2      | 2034 ||| READING scroll labelled GIUTUM HILEORR.
  2262 | D:3      | Noticed Terence
  2278 | D:3      | Killed Terence
  2279 | D:3      | Reached skill level 6 in Ranged Weapons
  2504 | D:3      | Found a broken altar of Ashenzari.
  2645 | D:3      | Found a radiant altar of Vehumet.
  2658 | D:3      | 2658 ||| READING scroll of enchant armour.
  2658 | D:3      | 2658 ||| ENCHANTING +0 pair of gloves.
  2788 | D:3      | Found a snail-covered altar of Cheibriados.
  2953 | D:3      | 2953 ||| UPGRADING to +5 ring of evasion.
  2954 | D:3      | 2954 ||| DRINKING 2 bubbling green potions.
  2984 | D:4      | 2984 ||| PLANNING SEWER
  2984 | D:4      | 2984 ||| STAIRDANCE
  2990 | D:4      | 2990 ||| STAIRDANCE
  3305 | D:4      | Noticed a phantom
  3317 | D:4      | Killed a phantom
  3318 | D:4      | Reached XP level 6. HP: 38/38 MP: 6/6
  3537 | D:4      | 3537 ||| Stepping ~*~*~tactically~*~*~ (outnumbered).
  3550 | D:4      | HP: 3/38 [orc priest/divine providence (12)]
  3555 | D:4      | HP: 3/38 [orc priest/+0 whip (2)]
  3578 | D:4      | 3578 ||| FLEEEEING.
  3579 | D:4      | 3579 ||| FLEEEEING.
  3580 | D:4      | 3580 ||| FLEEEEING.
  3599 | D:4      | 3599 ||| RIP SEWER
  3691 | D:4      | 3691 ||| PLANNING D:1-11
  3993 | D:4      | Reached skill level 7 in Ranged Weapons
  3993 | D:4      | Reached XP level 7. HP: 43/43 MP: 7/7
  4242 | D:4      | 4242 ||| UPGRADING to ring of see invisible.
  4243 | D:4      | 4243 ||| READING scroll labelled PIETHR ETOXENO.
  4244 | D:4      | 4244 ||| READING scroll labelled VAOCAO CIAMUO.
  4245 | D:4      | 4245 ||| READING scroll labelled SOUPPO CUMA.
  4246 | D:4      | 4246 ||| DRINKING 3 murky silvery potions.
  4281 | D:5      | Entered Level 5 of the Dungeon
  4296 | D:5      | 4296 ||| STAIRDANCE
  4375 | D:5      | Reached skill level 8 in Ranged Weapons
  4404 | D:5      | Found a staircase to the Ecumenical Temple.
  4405 | D:5      | 4405 ||| PLANNING TEMPLE
  4408 | D:5      | 4408 ||| FLEEEEING.
  4409 | D:5      | 4409 ||| FLEEEEING.
  4411 | D:5      | 4411 ||| FLEEEEING.
  4412 | D:5      | 4412 ||| FLEEEEING.
  4413 | D:5      | 4413 ||| FLEEEEING.
  4414 | D:5      | 4414 ||| FLEEEEING.
  4415 | D:5      | 4415 ||| FLEEEEING.
  4416 | D:5      | 4416 ||| FLEEEEING.
  4417 | D:5      | 4417 ||| FLEEEEING.
  4418 | D:5      | 4418 ||| FLEEEEING.
  4419 | D:5      | 4419 ||| FLEEEEING.
  4420 | D:5      | 4420 ||| FLEEEEING.
  4421 | D:5      | 4421 ||| FLEEEEING.
  4422 | D:5      | 4422 ||| FLEEEEING.
  4423 | D:5      | 4423 ||| FLEEEEING.
  4424 | D:5      | 4424 ||| FLEEEEING.
  4426 | D:5      | 4426 ||| FLEEEEING.
  4427 | D:5      | 4427 ||| FLEEEEING.
  4428 | D:5      | 4428 ||| FLEEEEING.
  4429 | D:5      | 4429 ||| FLEEEEING.
  4430 | D:5      | 4430 ||| STAIRDANCE
  4434 | D:5      | 4434 ||| STAIRDANCE
  4443 | D:5      | 4443 ||| STAIRDANCE
  4476 | Temple   | Entered the Ecumenical Temple
  4477 | Temple   | 4477 ||| PLANNING OKAWARU WORSHIP
  4493 | Temple   | Became a worshipper of Warmaster Okawaru
  4494 | Temple   | 4494 ||| PLANNING D:1-11
  4808 | D:5      | Reached XP level 8. HP: 44/50 MP: 8/8
  5292 | D:5      | 5292 ||| UPGRADING to amulet of faith.
  5297 | D:5      | 5297 ||| READING scroll labelled ERAC TIQIO.
  5302 | D:5      | 5302 ||| READING scroll labelled LUENLU SAZIEKH.
  5303 | D:5      | 5303 ||| READING scroll labelled RAS OSYOLA.
  5304 | D:5      | 5304 ||| DRINKING 3 sedimented purple potions.
  5304 | D:5      | Gained mutation: Your flesh is heat resistant. (rF+)
                  | [potion of mutation]
  5304 | D:5      | Gained mutation: You passively map a small area around you.
                  | [potion of mutation]
  5304 | D:5      | Gained mutation: Your spells are a little harder to cast,
                  | but a little more powerful. [potion of mutation]
  5305 | D:5      | 5305 ||| READING 2 scrolls of identify.
  5305 | D:5      | 5305 ||| IDENTIFYING fuming red potion
  5405 | D:6      | Reached * piety under Okawaru
  5416 | D:6      | 5416 ||| INVOKING Heroism.
  5480 | D:6      | Noticed Eustachio
  5482 | D:6      | 5482 ||| RETREATING.
  5494 | D:6      | Reached skill level 9 in Ranged Weapons
  5494 | D:6      | 5494 ||| Stepping ~*~*~tactically~*~*~ (retreating).
  5495 | D:6      | 5495 ||| Stepping ~*~*~tactically~*~*~ (retreating).
  5496 | D:6      | 5496 ||| Stepping ~*~*~tactically~*~*~ (retreating).
  5497 | D:6      | 5497 ||| Stepping ~*~*~tactically~*~*~ (retreating).
  5498 | D:6      | 5498 ||| Stepping ~*~*~tactically~*~*~ (retreating).
  5499 | D:6      | 5499 ||| INVOKING Heroism.
  5553 | D:6      | Killed Eustachio
  5554 | D:6      | Reached skill level 3 in Armour
  5600 | D:6      | Found a shimmering blue altar of Sif Muna.
  5626 | D:6      | Found Comom's Distillery.
  5628 | D:6      | Noticed Maggie
  5629 | D:6      | 5629 ||| RETREATING.
  5649 | D:6      | Killed Maggie
  5650 | D:6      | 5650 ||| INVOKING Heroism.
  5657 | D:6      | Reached skill level 1 in Invocations
  5657 | D:6      | Reached XP level 9. HP: 40/57 MP: 6/10
  5757 | D:6      | 5757 ||| SHOPLISTING 3 potions of haste (390 gold, have
                  | 195).
  5757 | D:6      | 5757 ||| BUYING potion of curing (39 gold).
  5757 | D:6      | Bought a potion of curing for 39 gold pieces
  5757 | D:6      | 5757 ||| BUYING potion of enlightenment (65 gold).
  5757 | D:6      | Bought a potion of enlightenment for 65 gold pieces
  5757 | D:6      | 5757 ||| BUYING potion of enlightenment (65 gold).
  5757 | D:6      | Bought a potion of enlightenment for 65 gold pieces
  5757 | D:6      | 5757 ||| SHOPLISTING potion of haste (130 gold, have 26).
  5757 | D:6      | 5757 ||| SHOPLISTING potion of mutation (104 gold, have
                  | 26).
  5844 | D:6      | Noticed Jeremiah
  5847 | D:6      | 5847 ||| RETREATING.
  5857 | D:6      | 5857 ||| INVOKING Heroism.
  5858 | D:6      | 5858 ||| Stepping ~*~*~tactically~*~*~ (retreating).
  5860 | D:6      | 5860 ||| Stepping ~*~*~tactically~*~*~ (retreating).
  5861 | D:6      | 5861 ||| Stepping ~*~*~tactically~*~*~ (retreating).
  5862 | D:6      | 5862 ||| RETREATING.
  5871 | D:6      | 5871 ||| INVOKING Heroism.
  5879 | D:6      | 5879 ||| UPGRADING to +0 acid dragon scales.
  5880 | D:6      | HP: 12/57 [Jeremiah/divine providence (14)]
  5886 | D:6      | 5886 ||| INVOKING Heroism.
  5887 | D:6      | Killed Jeremiah
  5888 | D:6      | Reached skill level 3 in Invocations
  5920 | D:6      | Noticed Prince Ribbit
  5921 | D:6      | 5921 ||| INVOKING Heroism.
  6036 | D:6      | 6036 ||| UPGRADING to +0 acid dragon scales.
  6046 | D:6      | 6046 ||| INVOKING Heroism.
  6063 | D:6      | 6063 ||| DROPPING +0 ring mail.
  6064 | D:6      | 6064 ||| INVOKING Heroism.
  6071 | D:6      | Killed Prince Ribbit
  6072 | D:6      | Reached skill level 10 in Ranged Weapons
  6175 | D:6      | 6175 ||| RETREATING.
  6179 | D:6      | Noticed a cyclops
  6218 | D:6      | 6218 ||| INVOKING Heroism.
  6226 | D:6      | HP: 10/57 [cyclops (13)]
  6228 | D:6      | Killed a cyclops
  6438 | D:6      | 6438 ||| Stepping ~*~*~tactically~*~*~ (outnumbered).
  6444 | D:6      | 6444 ||| INVOKING Heroism.
  6445 | D:6      | 6445 ||| Stepping ~*~*~tactically~*~*~ (outnumbered).
  6553 | D:6      | Found a shadowy altar of Dithmenos.
  6554 | D:6      | Found a hazy altar of Hepliaklqana.
  6569 | D:6      | 6569 ||| READING scroll labelled GOUCSO VUIMUTZ.
  6569 | D:6      | Identified a scroll of acquirement
  6569 | D:6      | 6569 ||| ACQUIRING +1 pair of boots "Willeth" {rN+ Will+}
  6569 | D:6      | Acquired the +1 pair of boots "Willeth" {rN+ Will+}
  6571 | D:6      | 6571 ||| UPGRADING to +1 pair of boots "Willeth" {rN+
                  | Will+}.
  6581 | D:6      | 6581 ||| DROPPING +0 pair of boots.
  6582 | D:6      | 6582 ||| READING 3 scrolls of identify.
  6582 | D:6      | 6582 ||| IDENTIFYING pink potion
  6624 | D:7      | 6624 ||| STAIRDANCE
  6632 | D:7      | Reached XP level 10. HP: 63/63 MP: 13/13
  6706 | D:7      | Noticed Joseph
  6711 | D:7      | 6711 ||| INVOKING Heroism.
  6715 | D:7      | Killed Joseph
  6715 | D:7      | Reached ** piety under Okawaru
  6716 | D:7      | Reached skill level 11 in Ranged Weapons
  7012 | D:7      | 7012 ||| INVOKING Heroism.
  7100 | D:7      | 7100 ||| RETREATING.
  7101 | D:7      | 7101 ||| INVOKING Heroism.
  7131 | D:7      | 7131 ||| INVOKING Heroism.
  7150 | D:7      | Reached *** piety under Okawaru
  7283 | D:7      | Reached skill level 12 in Ranged Weapons
  7495 | D:7      | 7495 ||| READING 3 scrolls of identify.
  7495 | D:7      | 7495 ||| IDENTIFYING viscous silvery potion
  7496 | D:7      | 7496 ||| READING 2 scrolls of identify.
  7496 | D:7      | 7496 ||| IDENTIFYING grey potion
  7497 | D:7      | 7497 ||| DROPPING potion of attraction.
  7498 | D:7      | 7498 ||| DROPPING potion of degeneration.
  7696 | D:8      | Identified the +3 scale mail of Plog {rC+ MP+9 Int-5 SInv}
  7716 | D:8      | 7716 ||| INVOKING Heroism.
  8191 | D:8      | 8191 ||| INVOKING Heroism.
  8231 | D:8      | 8231 ||| UPGRADING to +0 helmet of intelligence.
  8286 | D:9      | Found a basalt altar of Yredelemnul.
  8322 | D:9      | 8322 ||| INVOKING Heroism.
  8324 | D:9      | 8324 ||| Stepping ~*~*~tactically~*~*~ (outnumbered).
  8365 | D:9      | 8365 ||| SWAPPING to +0 orcbow.
  8366 | D:9      | 8366 ||| DROPPING +1 heavy shortbow.
  8418 | D:9      | 8418 ||| RETREATING.
  8419 | D:9      | 8419 ||| Stepping ~*~*~tactically~*~*~ (retreating).
  8426 | D:9      | 8426 ||| Stepping ~*~*~tactically~*~*~ (retreating).
  8446 | D:9      | Reached skill level 13 in Ranged Weapons
  8446 | D:9      | Reached XP level 11. HP: 65/68 MP: 14/14
  8459 | D:9      | 8459 ||| INVOKING Heroism.
  8483 | D:9      | Reached **** piety under Okawaru
  8535 | D:9      | 8535 ||| Stepping ~*~*~tactically~*~*~ (retreating).
  8537 | D:9      | 8537 ||| Stepping ~*~*~tactically~*~*~ (retreating).
  8581 | D:9      | Reached skill level 9 in Fighting
  8584 | D:9      | 8584 ||| Stepping ~*~*~tactically~*~*~ (retreating).
  8628 | D:9      | 8628 ||| Stepping ~*~*~tactically~*~*~ (retreating).
  8835 | D:9      | 8835 ||| INVOKING Heroism.
  9145 | D:9      | 9145 ||| INVOKING Heroism.
  9340 | D:9      | 9340 ||| INVOKING Heroism.
  9436 | D:9      | Reached skill level 6 in Armour
  9439 | D:9      | Found a shimmering altar of Xom.
  9554 | D:10     | Entered Level 10 of the Dungeon
  9556 | D:10     | 9556 ||| STAIRDANCE
  9591 | D:10     | 9591 ||| STAIRDANCE
  9610 | D:10     | 9610 ||| STAIRDANCE
  9615 | D:10     | 9615 ||| STAIRDANCE
  9620 | D:10     | 9620 ||| STAIRDANCE
  9633 | D:10     | 9633 ||| STAIRDANCE
  9635 | D:9      | 9635 ||| INVOKING Heroism.
  9665 | D:10     | Reached skill level 6 in Invocations
  9667 | D:10     | Found a sacrificial altar of Ru.
  9794 | D:10     | Found a flagged portal.
  9815 | D:10     | Found a burning altar of Makhleb.
 10028 | D:10     | 10028 ||| READING scroll of enchant weapon.
 10028 | D:10     | 10028 ||| ENCHANTING +0 orcbow.
 10241 | D:10     | Found a hide-covered altar of Uskayaw.
 10390 | D:10     | 10390 ||| READING scroll labelled XOAHUO BIFEMUAR.
 10391 | D:10     | 10391 ||| READING 3 scrolls labelled ESTRUG IMILEUMA.
 10392 | D:10     | 10392 ||| DROPPING 2 scrolls of poison.
 10554 | D:11     | Reached ***** piety under Okawaru
 10622 | D:11     | 10622 ||| FLEEEEING.
 10775 | D:11     | 10775 ||| RETREATING.
 10776 | D:11     | 10776 ||| Stepping ~*~*~tactically~*~*~ (retreating).
 10798 | D:11     | 10798 ||| INVOKING Heroism.
 10799 | D:11     | 10799 ||| Stepping ~*~*~tactically~*~*~ (outnumbered).
 10824 | D:11     | 10824 ||| INVOKING Heroism.
 10919 | D:11     | Found a staircase to the Lair.
 11054 | D:11     | 11054 ||| INVOKING Heroism.
 11151 | D:11     | Noticed a two-headed ogre
 11152 | D:11     | 11152 ||| INVOKING Heroism.
 11159 | D:11     | Killed a two-headed ogre
 11215 | D:11     | 11215 ||| RETREATING.
 11219 | D:11     | 11219 ||| Stepping ~*~*~tactically~*~*~ (retreating).
 11220 | D:11     | 11220 ||| Stepping ~*~*~tactically~*~*~ (retreating).
 11336 | D:11     | Noticed a manticore
 11337 | D:11     | 11337 ||| INVOKING Heroism.
 11344 | D:11     | Killed a manticore
 11345 | D:11     | Reached skill level 14 in Ranged Weapons
 11461 | D:11     | 11461 ||| PLANNING LAIR
 11461 | D:11     | 11461 ||| UPGRADING to +1 helmet of intelligence.
 11471 | D:11     | 11471 ||| DROPPING +0 helmet of intelligence.
 11472 | D:11     | 11472 ||| READING 3 scrolls of identify.
 11472 | D:11     | 11472 ||| IDENTIFYING black potion
 11473 | D:11     | 11473 ||| DROPPING potion of invisibility.
 11497 | Lair:1   | Entered Level 1 of the Lair of Beasts
 11520 | Lair:1   | 11520 ||| INVOKING Heroism.
 11531 | Lair:1   | Reached XP level 12. HP: 76/76 MP: 16/18
 11636 | Lair:1   | 11636 ||| RETREATING.
 11694 | Lair:1   | Received a gift from Okawaru
 11708 | Lair:1   | Reached skill level 9 in Invocations
 11820 | Lair:1   | Received a gift from Okawaru
 11890 | Lair:1   | 11890 ||| RETREATING.
 11908 | Lair:1   | 11908 ||| Stepping ~*~*~tactically~*~*~ (retreating).
 11909 | Lair:1   | 11909 ||| Stepping ~*~*~tactically~*~*~ (retreating).
 11912 | Lair:1   | 11912 ||| Stepping ~*~*~tactically~*~*~ (retreating).
 11928 | Lair:1   | 11928 ||| Stepping ~*~*~tactically~*~*~ (retreating).
 11929 | Lair:1   | 11929 ||| Stepping ~*~*~tactically~*~*~ (retreating).
 11930 | Lair:1   | 11930 ||| Stepping ~*~*~tactically~*~*~ (retreating).
 11931 | Lair:1   | 11931 ||| Stepping ~*~*~tactically~*~*~ (retreating).
 11935 | Lair:1   | 11935 ||| INVOKING Heroism.
 12372 | Lair:1   | 12372 ||| DROPPING +0 pair of boots of rampaging.
 12464 | Lair:2   | 12464 ||| INVOKING Heroism.
 12552 | Lair:2   | Found a staircase to the Shoals.
 12723 | Lair:2   | Found a staircase to the Snake Pit.
 12739 | Lair:2   | 12739 ||| FLEEEEING.
 12740 | Lair:2   | 12740 ||| FLEEEEING.
 12845 | Lair:2   | Noticed a death yak
 12846 | Lair:2   | 12846 ||| RETREATING.
 12848 | Lair:2   | Noticed a death yak
 12849 | Lair:2   | 12849 ||| Stepping ~*~*~tactically~*~*~ (retreating).
 12851 | Lair:2   | 12851 ||| INVOKING Heroism.
 12852 | Lair:2   | 12852 ||| RETREATING.
 12854 | Lair:2   | 12854 ||| INVOKING Finesse.
 12857 | Lair:2   | 12857 ||| Stepping ~*~*~tactically~*~*~ (retreating).
 12872 | Lair:2   | Killed a death yak
 12873 | Lair:2   | 12873 ||| Stepping ~*~*~tactically~*~*~ (retreating).
 12895 | Lair:2   | Killed a death yak
 12903 | Lair:2   | 12903 ||| INVOKING Heroism.
 12905 | Lair:2   | Reached skill level 15 in Ranged Weapons
 13191 | Lair:2   | 13191 ||| INVOKING Heroism.
 13223 | Lair:2   | 13223 ||| READING scroll of enchant weapon.
 13223 | Lair:2   | 13223 ||| ENCHANTING +1 orcbow.
 13475 | Lair:3   | 13475 ||| STAIRDANCE
 13520 | Lair:3   | 13520 ||| STAIRDANCE
 13522 | Lair:2   | 13522 ||| Stepping ~*~*~tactically~*~*~ (retreating).
 13523 | Lair:2   | 13523 ||| Stepping ~*~*~tactically~*~*~ (retreating).
 13524 | Lair:2   | 13524 ||| Stepping ~*~*~tactically~*~*~ (retreating).
 13586 | Lair:3   | Identified the +3 ring mail of Divine Compulsion {rC+
                  | Str+3}
 13835 | Lair:3   | 13835 ||| RETREATING.
 13837 | Lair:3   | 13837 ||| Stepping ~*~*~tactically~*~*~ (retreating).
 13838 | Lair:3   | 13838 ||| Stepping ~*~*~tactically~*~*~ (retreating).
 13839 | Lair:3   | 13839 ||| Stepping ~*~*~tactically~*~*~ (retreating).
 13840 | Lair:3   | 13840 ||| Stepping ~*~*~tactically~*~*~ (retreating).
 13841 | Lair:3   | 13841 ||| Stepping ~*~*~tactically~*~*~ (retreating).
 13843 | Lair:3   | 13843 ||| Stepping ~*~*~tactically~*~*~ (retreating).
 13847 | Lair:3   | 13847 ||| Stepping ~*~*~tactically~*~*~ (retreating).
 13848 | Lair:3   | 13848 ||| Stepping ~*~*~tactically~*~*~ (retreating).
 13849 | Lair:3   | 13849 ||| Stepping ~*~*~tactically~*~*~ (retreating).
 13850 | Lair:3   | 13850 ||| Stepping ~*~*~tactically~*~*~ (retreating).
 13851 | Lair:3   | 13851 ||| Stepping ~*~*~tactically~*~*~ (retreating).
 13852 | Lair:3   | 13852 ||| Stepping ~*~*~tactically~*~*~ (retreating).
 13854 | Lair:3   | Reached XP level 13. HP: 82/82 MP: 20/20
 13898 | Lair:3   | 13898 ||| INVOKING Heroism.
 14196 | Lair:3   | Noticed Gastronok
 14197 | Lair:3   | 14197 ||| RETREATING.
 14204 | Lair:3   | 14204 ||| Stepping ~*~*~tactically~*~*~ (retreating).
 14206 | Lair:3   | 14206 ||| Stepping ~*~*~tactically~*~*~ (retreating).
 14208 | Lair:3   | 14208 ||| INVOKING Heroism.
 14224 | Lair:3   | 14224 ||| INVOKING Heroism.
 14225 | Lair:3   | Killed Gastronok
 14455 | Lair:3   | Received a gift from Okawaru
 14456 | Lair:3   | Reached skill level 16 in Ranged Weapons
 14458 | Lair:3   | 14458 ||| SWAPPING to +4 triple crossbow of draining.
 14459 | Lair:3   | 14459 ||| DROPPING +2 orcbow.
 14462 | Lair:3   | 14462 ||| Stepping ~*~*~tactically~*~*~ (retreating).
 14487 | Lair:3   | 14487 ||| INVOKING Heroism.
 14489 | Lair:3   | 14489 ||| RETREATING.
 14613 | Lair:3   | 14613 ||| READING scroll of enchant armour.
 14613 | Lair:3   | 14613 ||| ENCHANTING +0 acid dragon scales.
 14741 | Lair:3   | 14741 ||| UPGRADING to +3 ring mail of Divine Compulsion
                  | {rC+ Str+3}.
 14751 | Lair:3   | 14751 ||| DROPPING +1 acid dragon scales.
 14752 | Lair:3   | 14752 ||| DROPPING +6 ring of intelligence.
 14798 | Lair:4   | 14798 ||| INVOKING Heroism.
 14832 | Lair:4   | 14832 ||| INVOKING Finesse.
 14843 | Lair:4   | 14843 ||| INVOKING Heroism.
 14846 | Lair:4   | 14846 ||| RETREATING.
 14872 | Lair:4   | Received a gift from Okawaru
 14957 | Lair:4   | Identified the +5 arbalest of Zaufakic {heavy, Fly rF-
                  | Will- rCorr} (Okawaru gifted it to you on level 4 of the
                  | Lair of Beasts)
 14957 | Lair:4   | Received a gift from Okawaru
 14967 | Lair:4   | 14967 ||| INVOKING Heroism.
 14973 | Lair:4   | 14973 ||| Stepping ~*~*~tactically~*~*~ (outnumbered).
 14974 | Lair:4   | 14974 ||| Stepping ~*~*~tactically~*~*~ (retreating).
 14984 | Lair:4   | 14984 ||| Stepping ~*~*~tactically~*~*~ (outnumbered).
 14987 | Lair:4   | Reached skill level 17 in Ranged Weapons
 15003 | Lair:4   | 15003 ||| INVOKING Heroism.
 15132 | Lair:4   | Noticed Josephine
 15136 | Lair:4   | 15136 ||| RETREATING.
 15140 | Lair:4   | Killed Josephine
 15240 | Lair:4   | 15240 ||| INVOKING Heroism.
 15551 | Lair:4   | 15551 ||| INVOKING Heroism.
 15665 | Lair:4   | 15665 ||| DROPPING scarf of harm.
 15679 | Lair:5   | Entered Level 5 of the Lair of Beasts
 15681 | Lair:5   | 15681 ||| STAIRDANCE
 15697 | Lair:5   | 15697 ||| INVOKING Heroism.
 15698 | Lair:5   | 15698 ||| STAIRDANCE
 15790 | Lair:5   | Gained mutation: Your large and strong wings let you fly.
                  | [Gargoyle growth]
 15790 | Lair:5   | Reached XP level 14. HP: 75/90 MP: 21/21
 15790 | Lair:5   | 15790 ||| STAIRDANCE
 15853 | Lair:5   | Reached skill level 18 in Ranged Weapons
 15862 | Lair:5   | 15862 ||| RETREATING.
 15867 | Lair:5   | 15867 ||| INVOKING Heroism.
 15868 | Lair:5   | 15868 ||| Stepping ~*~*~tactically~*~*~ (retreating).
 15872 | Lair:5   | 15872 ||| INVOKING Finesse.
 15877 | Lair:5   | 15877 ||| Stepping ~*~*~tactically~*~*~ (retreating).
 15878 | Lair:5   | 15878 ||| Stepping ~*~*~tactically~*~*~ (retreating).
 15879 | Lair:5   | 15879 ||| Stepping ~*~*~tactically~*~*~ (retreating).
 15880 | Lair:5   | 15880 ||| Stepping ~*~*~tactically~*~*~ (retreating).
 15881 | Lair:5   | 15881 ||| Stepping ~*~*~tactically~*~*~ (retreating).
 15888 | Lair:5   | Identified the +5 pair of gloves of an ice cave {+Inv
                  | Str+5} (Okawaru gifted it to you on level 5 of the Lair of
                  | Beasts)
 15888 | Lair:5   | Received a gift from Okawaru
 15906 | Lair:5   | Reached skill level 12 in Fighting
 15949 | Lair:5   | 15949 ||| FLEEEEING.
 15950 | Lair:5   | 15950 ||| FLEEEEING.
 15951 | Lair:5   | 15951 ||| FLEEEEING.
 15952 | Lair:5   | 15952 ||| FLEEEEING.
 15953 | Lair:5   | 15953 ||| FLEEEEING.
 15954 | Lair:5   | 15954 ||| STAIRDANCE
 16018 | Lair:5   | Found a viscous altar of Jiyva.
 16019 | Lair:5   | Found a staircase to the Slime Pits.
 16148 | Lair:5   | Found a frozen archway.
 16158 | Lair:5   | 16158 ||| RETREATING.
 16163 | Lair:5   | 16163 ||| Stepping ~*~*~tactically~*~*~ (retreating).
 16165 | Lair:5   | 16165 ||| Stepping ~*~*~tactically~*~*~ (retreating).
 16167 | Lair:5   | 16167 ||| Stepping ~*~*~tactically~*~*~ (retreating).
 16168 | Lair:5   | 16168 ||| Stepping ~*~*~tactically~*~*~ (retreating).
 16173 | Lair:5   | 16173 ||| INVOKING Heroism.
 16282 | Lair:5   | Reached skill level 6 in Dodging
 16389 | Lair:5   | 16389 ||| INVOKING Heroism.
 16390 | Lair:5   | 16390 ||| INVOKING Finesse.
 16396 | Lair:5   | 16396 ||| RETREATING.
 16472 | Lair:5   | Identified the +3 sling "Wuownaso" {flame, rC+ rN+ Int+2}
 16473 | Lair:5   | Identified the +4 trident of Eternity {drain, rElec Stlth+}
 16494 | Lair:5   | 16494 ||| INVOKING Heroism.
 16495 | Lair:5   | 16495 ||| INVOKING Finesse.
 16801 | Lair:5   | 16801 ||| PLANNING D
 16801 | Lair:5   | 16801 ||| UPGRADING to +5 pair of gloves of an ice cave
                  | {+Inv Str+5}.
 16811 | Lair:5   | 16811 ||| DROPPING +1 pair of gloves.
 16812 | Lair:5   | 16812 ||| READING 7 scrolls of identify.
 16812 | Lair:5   | 16812 ||| IDENTIFYING silvery potion
 17128 | D:12     | 17128 ||| READING 3 scrolls of enchant armour.
 17128 | D:12     | 17128 ||| ENCHANTING +1 helmet of intelligence.
 17129 | D:12     | 17129 ||| READING 2 scrolls of enchant armour.
 17129 | D:12     | 17129 ||| ENCHANTING +0 cloak.
 17130 | D:12     | 17130 ||| READING scroll of enchant armour.
 17130 | D:12     | 17130 ||| ENCHANTING +1 cloak.
 17132 | D:12     | Found Setadaz's Weapon Emporium.
 17132 | D:12     | Found a staircase to the Orcish Mines.
 17133 | D:12     | 17133 ||| Stepping ~*~*~tactically~*~*~ (outnumbered).
 17134 | D:12     | 17134 ||| Stepping ~*~*~tactically~*~*~ (outnumbered).
 17136 | D:12     | 17136 ||| Stepping ~*~*~tactically~*~*~ (outnumbered).
 17170 | D:12     | 17170 ||| FLEEEEING.
 17171 | D:12     | 17171 ||| FLEEEEING.
 17172 | D:12     | 17172 ||| FLEEEEING.
 17173 | D:12     | 17173 ||| FLEEEEING.
 17174 | D:12     | 17174 ||| FLEEEEING.
 17175 | D:12     | 17175 ||| FLEEEEING.
 17176 | D:12     | 17176 ||| FLEEEEING.
 17177 | D:12     | 17177 ||| FLEEEEING.
 17180 | D:12     | 17180 ||| FLEEEEING.
 17181 | D:12     | 17181 ||| FLEEEEING.
 17182 | D:12     | 17182 ||| FLEEEEING.
 17183 | D:12     | 17183 ||| FLEEEEING.
 17184 | D:12     | 17184 ||| FLEEEEING.
 17185 | D:12     | 17185 ||| FLEEEEING.
 17186 | D:12     | 17186 ||| FLEEEEING.
 17187 | D:12     | 17187 ||| FLEEEEING.
 17188 | D:12     | 17188 ||| FLEEEEING.
 17189 | D:12     | 17189 ||| FLEEEEING.
 17190 | D:12     | 17190 ||| FLEEEEING.
 17191 | D:12     | 17191 ||| FLEEEEING.
 17192 | D:12     | 17192 ||| FLEEEEING.
 17193 | D:12     | 17193 ||| FLEEEEING.
 17194 | D:12     | 17194 ||| FLEEEEING.
 17195 | D:12     | 17195 ||| FLEEEEING.
 17196 | D:12     | 17196 ||| FLEEEEING.
 17197 | D:12     | 17197 ||| FLEEEEING.
 17201 | D:12     | 17201 ||| FLEEEEING.
 17202 | D:12     | 17202 ||| FLEEEEING.
 17203 | D:12     | 17203 ||| FLEEEEING.
 17204 | D:12     | 17204 ||| FLEEEEING.
 17205 | D:12     | 17205 ||| FLEEEEING.
 17206 | D:12     | 17206 ||| FLEEEEING.
 17275 | D:12     | Found Fedacan's Armour Emporium.
 17283 | D:12     | 17283 ||| BUYING +0 robe of resistance (387 gold).
 17283 | D:12     | Bought a +0 robe of resistance for 387 gold pieces
 17591 | D:13     | 17591 ||| PLANNING GAUNTLET
 17591 | D:13     | Identified the +6 rapier of Melee {flame, Fly Str+8}
 17628 | D:13     | 17628 ||| INVOKING Heroism.
 17629 | D:13     | 17629 ||| READING 3 scrolls of teleportation.
 17790 | D:13     | 17790 ||| Stepping ~*~*~tactically~*~*~ (retreating).
 17794 | D:13     | 17794 ||| Stepping ~*~*~tactically~*~*~ (retreating).
 17798 | D:13     | 17798 ||| INVOKING Heroism.
 18002 | D:13     | 18002 ||| RIP GAUNTLET
 18048 | D:13     | 18048 ||| PLANNING D
 18049 | D:13     | Reached skill level 19 in Ranged Weapons
 18057 | D:13     | 18057 ||| INVOKING Heroism.
 18058 | D:13     | 18058 ||| INVOKING Finesse.
 18124 | D:13     | 18124 ||| FLEEEEING.
 18126 | D:13     | 18126 ||| INVOKING Heroism.
 18381 | D:13     | 18381 ||| Stepping ~*~*~tactically~*~*~ (outnumbered).
 18548 | D:13     | 18548 ||| READING 7 scrolls of identify.
 18548 | D:13     | 18548 ||| IDENTIFYING brown potion
 18795 | D:14     | 18795 ||| Stepping ~*~*~tactically~*~*~ (outnumbered).
 18796 | D:14     | 18796 ||| INVOKING Heroism.
 18798 | D:14     | Received a gift from Okawaru
 18802 | D:14     | Reached XP level 15. HP: 84/98 MP: 20/22
 19082 | D:14     | 19082 ||| Stepping ~*~*~tactically~*~*~ (outnumbered).
 19129 | D:14     | 19129 ||| RETREATING.
 19140 | D:14     | Reached ****** piety under Okawaru
 19217 | D:14     | Received a gift from Okawaru
 19297 | D:14     | 19297 ||| INVOKING Heroism.
 19300 | D:14     | 19300 ||| READING 2 scrolls of teleportation.
 19413 | D:14     | Found a gate to the Vaults.
 19414 | D:14     | 19414 ||| INVOKING Finesse.
 19516 | D:14     | 19516 ||| RETREATING.
 19517 | D:14     | 19517 ||| READING scroll of teleportation.
 19518 | D:14     | 19518 ||| INVOKING Heroism.
 19618 | D:14     | Found a glowing silver altar of Zin.
 19618 | D:14     | Noticed an angel
 19731 | D:14     | 19731 ||| READING 8 scrolls of identify.
 19731 | D:14     | 19731 ||| IDENTIFYING fuming blue potion
 19732 | D:14     | 19732 ||| DROPPING potion of lignification.
 19814 | D:15     | Entered Level 15 of the Dungeon
 19956 | D:15     | 19956 ||| RETREATING.
 19960 | D:15     | 19960 ||| RETREATING.
 20179 | D:15     | 20179 ||| RETREATING.
 20191 | D:15     | 20191 ||| Stepping ~*~*~tactically~*~*~ (retreating).
 20192 | D:15     | 20192 ||| Stepping ~*~*~tactically~*~*~ (retreating).
 20195 | D:15     | 20195 ||| Stepping ~*~*~tactically~*~*~ (retreating).
 20196 | D:15     | 20196 ||| Stepping ~*~*~tactically~*~*~ (retreating).
 20197 | D:15     | 20197 ||| Stepping ~*~*~tactically~*~*~ (retreating).
 20213 | D:15     | Reached skill level 20 in Ranged Weapons
 20349 | D:15     | Found a staircase to the Depths.
 20349 | D:15     | Noticed a fire giant
 20356 | D:15     | Killed a fire giant
 20700 | D:15     | 20700 ||| RETREATING.
 20871 | D:15     | 20871 ||| PLANNING ORC
 20950 | Orc:1    | Entered Level 1 of the Orcish Mines
 21040 | Orc:2    | Entered Level 2 of the Orcish Mines
 21041 | Orc:2    | 21041 ||| Stepping ~*~*~tactically~*~*~ (outnumbered).
 21042 | Orc:2    | 21042 ||| INVOKING Heroism.
 21046 | Orc:2    | Reached skill level 9 in Armour
 21149 | Orc:2    | 21149 ||| RETREATING.
 21152 | Orc:2    | 21152 ||| RETREATING.
 21153 | Orc:2    | Noticed an orc warlord
 21154 | Orc:2    | 21154 ||| Stepping ~*~*~tactically~*~*~ (retreating).
 21155 | Orc:2    | 21155 ||| STAIRDANCE
 21166 | Orc:2    | 21166 ||| STAIRDANCE
 21168 | Orc:1    | 21168 ||| INVOKING Heroism.
 21172 | Orc:1    | Paralysed by an orc sorcerer for 4 turns
 21329 | Orc:2    | 21329 ||| STAIRDANCE
 21331 | Orc:1    | 21331 ||| INVOKING Heroism.
 21460 | Orc:2    | 21460 ||| STAIRDANCE
 21462 | Orc:1    | 21462 ||| INVOKING Heroism.
 21463 | Orc:1    | 21463 ||| INVOKING Finesse.
 21468 | Orc:1    | Killed an orc warlord
 21548 | Orc:2    | 21548 ||| STAIRDANCE
 21550 | Orc:1    | 21550 ||| INVOKING Heroism.
 21550 | Orc:1    | Paralysed by an orc sorcerer for 2 turns
 21566 | Orc:2    | Found Urimmi's Book Emporium.
 21592 | Orc:2    | Found Lumm's Antique Weapon Shoppe.
 21595 | Orc:2    | 21595 ||| Stepping ~*~*~tactically~*~*~ (outnumbered).
 21597 | Orc:2    | 21597 ||| Stepping ~*~*~tactically~*~*~ (outnumbered).
 21917 | Orc:1    | 21917 ||| INVOKING Heroism.
 21966 | Orc:1    | 21966 ||| Stepping ~*~*~tactically~*~*~ (outnumbered).
 21971 | Orc:1    | 21971 ||| INVOKING Heroism.
 22081 | Orc:2    | 22081 ||| INVOKING Heroism.
 22087 | Orc:2    | 22087 ||| RETREATING.
 22132 | Orc:2    | 22132 ||| INVOKING Heroism.
 22137 | Orc:2    | 22137 ||| RETREATING.
 22148 | Orc:2    | 22148 ||| Stepping ~*~*~tactically~*~*~ (retreating).
 22150 | Orc:2    | 22150 ||| Stepping ~*~*~tactically~*~*~ (outnumbered).
 22236 | Orc:2    | Found Miuboss's General Store.
 22244 | Orc:2    | 22244 ||| BUYING amulet of reflection (420 gold).
 22244 | Orc:2    | Bought an amulet of reflection for 420 gold pieces
 22244 | Orc:2    | 22244 ||| BUYING scroll of identify (28 gold).
 22244 | Orc:2    | Bought a scroll of identify for 28 gold pieces
 22244 | Orc:2    | 22244 ||| BUYING scroll of identify (28 gold).
 22244 | Orc:2    | Bought a scroll of identify for 28 gold pieces
 22254 | Orc:2    | 22254 ||| INVOKING Heroism.
 22255 | Orc:2    | 22255 ||| RETREATING.
 22268 | Orc:2    | 22268 ||| Stepping ~*~*~tactically~*~*~ (retreating).
 22309 | Orc:2    | Found Ylijuj's Antique Armour Emporium.
 22318 | Orc:2    | 22318 ||| BUYING shiny ring mail (238 gold).
 22318 | Orc:2    | Bought a shiny ring mail for 238 gold pieces
 22402 | Orc:2    | Found a staircase to the Elven Halls.
 22407 | Orc:2    | 22407 ||| PLANNING SNAKE:1-3
 22407 | Orc:2    | 22407 ||| DROPPING +2 ring mail of cold resistance.
 22408 | Orc:2    | 22408 ||| DROPPING amulet of the acrobat.
 22544 | Snake:1  | Entered Level 1 of the Snake Pit
 22620 | Snake:1  | 22620 ||| Stepping ~*~*~tactically~*~*~ (outnumbered).
 22623 | Snake:1  | 22623 ||| Stepping ~*~*~tactically~*~*~ (outnumbered).
 22625 | Snake:1  | 22625 ||| Stepping ~*~*~tactically~*~*~ (outnumbered).
 22627 | Snake:1  | 22627 ||| Stepping ~*~*~tactically~*~*~ (outnumbered).
 22629 | Snake:1  | 22629 ||| Stepping ~*~*~tactically~*~*~ (outnumbered).
 22642 | Snake:1  | 22642 ||| Stepping ~*~*~tactically~*~*~ (retreating).
 22701 | Snake:1  | Found a runed translucent gate.
 22701 | Snake:1  | Found a runed translucent gate.
 22702 | Snake:1  | Noticed sleeves's ghost (adept BaSu)
 22709 | Snake:1  | Found a runed translucent gate.
 22748 | Snake:1  | Reached XP level 16. HP: 106/106 MP: 23/23
 22976 | Snake:1  | Noticed Mlioglotl
 22977 | Snake:1  | 22977 ||| INVOKING Heroism.
 22978 | Snake:1  | 22978 ||| INVOKING Finesse.
 22982 | Snake:1  | 22982 ||| RETREATING.
 22984 | Snake:1  | 22984 ||| Stepping ~*~*~tactically~*~*~ (retreating).
 22986 | Snake:1  | 22986 ||| Stepping ~*~*~tactically~*~*~ (retreating).
 22990 | Snake:1  | Killed Mlioglotl
 23159 | Snake:1  | Identified the +0 falchion of Ebegum {drain, rF- Str+6
                  | Dex+3}
 23184 | Snake:1  | 23184 ||| RETREATING.
 23186 | Snake:1  | 23186 ||| RETREATING.
 23196 | Snake:1  | Identified the +1 scale mail of Servitude {rC+ rN+}
                  | (Okawaru gifted it to you on level 1 of the Snake Pit)
 23196 | Snake:1  | Received a gift from Okawaru
 23254 | Snake:1  | Reached skill level 21 in Ranged Weapons
 23352 | Snake:1  | 23352 ||| INVOKING Heroism.
 23570 | Snake:2  | 23570 ||| STAIRDANCE
 23608 | Snake:2  | 23608 ||| STAIRDANCE
 23647 | Snake:2  | 23647 ||| STAIRDANCE
 23773 | Snake:2  | 23773 ||| Stepping ~*~*~tactically~*~*~ (outnumbered).
 23775 | Snake:2  | 23775 ||| Stepping ~*~*~tactically~*~*~ (outnumbered).
 23777 | Snake:2  | 23777 ||| Stepping ~*~*~tactically~*~*~ (outnumbered).
 23779 | Snake:2  | 23779 ||| Stepping ~*~*~tactically~*~*~ (outnumbered).
 23781 | Snake:2  | 23781 ||| Stepping ~*~*~tactically~*~*~ (outnumbered).
 23783 | Snake:2  | 23783 ||| Stepping ~*~*~tactically~*~*~ (outnumbered).
 23791 | Snake:2  | 23791 ||| INVOKING Heroism.
 23834 | Snake:2  | 23834 ||| RETREATING.
 23849 | Snake:2  | 23849 ||| INVOKING Heroism.
 24115 | Snake:2  | Found Ylam's Jewellery Emporium.
 24115 | Snake:2  | Found Mimotum's Book Boutique.
 24116 | Snake:2  | 24116 ||| Stepping ~*~*~tactically~*~*~ (outnumbered).
 24123 | Snake:2  | 24123 ||| Stepping ~*~*~tactically~*~*~ (outnumbered).
 24125 | Snake:2  | 24125 ||| Stepping ~*~*~tactically~*~*~ (retreating).
 24128 | Snake:2  | 24128 ||| RETREATING.
 24130 | Snake:2  | 24130 ||| RETREATING.
 24132 | Snake:2  | 24132 ||| Stepping ~*~*~tactically~*~*~ (outnumbered).
 24142 | Snake:2  | Reached skill level 15 in Fighting
 24144 | Snake:2  | Found Wurake's Jewellery Emporium.
 24150 | Snake:2  | 24150 ||| BUYING +5 ring of evasion (612 gold).
 24150 | Snake:2  | Bought a +5 ring of evasion for 612 gold pieces
 24150 | Snake:2  | 24150 ||| BUYING +6 ring of dexterity (612 gold).
 24150 | Snake:2  | Bought a +6 ring of dexterity for 612 gold pieces
 24150 | Snake:2  | 24150 ||| SHOPLISTING amulet of Utocoh Asm {Reflect rF+
                  | SH+5} (748 gold, have 260).
 24295 | Snake:2  | 24295 ||| RETREATING.
 24301 | Snake:2  | 24301 ||| Stepping ~*~*~tactically~*~*~ (outnumbered).
 24314 | Snake:2  | 24314 ||| Stepping ~*~*~tactically~*~*~ (outnumbered).
 24443 | Snake:2  | Found Leiroet's Armour Emporium.
 24450 | Snake:2  | 24450 ||| SHOPLISTING +0 pair of gloves of the Bagpipe {rF+
                  | rN+ Will++ Regen+} (513 gold, have 260).
 24450 | Snake:2  | 24450 ||| BUYING +0 ring mail of fire resistance (154
                  | gold).
 24450 | Snake:2  | Bought a +0 ring mail of fire resistance for 154 gold
                  | pieces
 24450 | Snake:2  | 24450 ||| SHOPLISTING +2 ring mail "Gaih" {rCorr SInv} (431
                  | gold, have 106).
 24515 | Snake:2  | 24515 ||| Stepping ~*~*~tactically~*~*~ (outnumbered).
 24518 | Snake:2  | 24518 ||| RETREATING.
 24535 | Snake:2  | 24535 ||| INVOKING Heroism.
 24911 | Snake:2  | Noticed a nagaraja
 24912 | Snake:2  | 24912 ||| INVOKING Heroism.
 24914 | Snake:2  | Killed a nagaraja
 25001 | Snake:2  | 25001 ||| DROPPING +1 robe of fire resistance.
 25002 | Snake:2  | 25002 ||| DROPPING +1 ring mail of poison resistance.
 25003 | Snake:2  | 25003 ||| DROPPING +1 pair of gloves.
 25004 | Snake:2  | 25004 ||| UPGRADING to +5 ring of evasion.
 25006 | Snake:2  | 25006 ||| DROPPING ring of fire.
 25007 | Snake:2  | 25007 ||| DROPPING ring of positive energy.
 25008 | Snake:2  | 25008 ||| DROPPING ring of protection from cold.
 25009 | Snake:2  | 25009 ||| UPGRADING to +6 ring of dexterity.
 25011 | Snake:2  | 25011 ||| DROPPING ring of see invisible.
 25012 | Snake:2  | 25012 ||| DROPPING +5 ring of evasion.
 25052 | Snake:3  | 25052 ||| Stepping ~*~*~tactically~*~*~ (outnumbered).
 25056 | Snake:3  | 25056 ||| Stepping ~*~*~tactically~*~*~ (outnumbered).
 25057 | Snake:3  | 25057 ||| INVOKING Heroism.
 25108 | Snake:3  | 25108 ||| Stepping ~*~*~tactically~*~*~ (outnumbered).
 25110 | Snake:3  | 25110 ||| Stepping ~*~*~tactically~*~*~ (outnumbered).
 25115 | Snake:3  | 25115 ||| Stepping ~*~*~tactically~*~*~ (outnumbered).
 25163 | Snake:3  | 25163 ||| RETREATING.
 25166 | Snake:3  | 25166 ||| Stepping ~*~*~tactically~*~*~ (retreating).
 25169 | Snake:3  | 25169 ||| INVOKING Heroism.
 25172 | Snake:3  | 25172 ||| Stepping ~*~*~tactically~*~*~ (outnumbered).
 25173 | Snake:3  | 25173 ||| Stepping ~*~*~tactically~*~*~ (retreating).
 25174 | Snake:3  | 25174 ||| Stepping ~*~*~tactically~*~*~ (outnumbered).
 25189 | Snake:3  | 25189 ||| Stepping ~*~*~tactically~*~*~ (retreating).
 25195 | Snake:3  | Reached skill level 9 in Dodging
 25197 | Snake:3  | Received a gift from Okawaru
 25209 | Snake:3  | 25209 ||| Stepping ~*~*~tactically~*~*~ (outnumbered).
 25210 | Snake:3  | HP: 20/108 [salamander/+1 halberd (10)]
 25211 | Snake:3  | 25211 ||| DRINKING 3 potions of heal wounds.
 25216 | Snake:3  | 25216 ||| INVOKING Heroism.
 25445 | Snake:3  | 25445 ||| Stepping ~*~*~tactically~*~*~ (outnumbered).
 25453 | Snake:3  | 25453 ||| Stepping ~*~*~tactically~*~*~ (retreating).
 25455 | Snake:3  | 25455 ||| Stepping ~*~*~tactically~*~*~ (retreating).
 25685 | Snake:3  | Noticed a nagaraja
 25686 | Snake:3  | 25686 ||| Stepping ~*~*~tactically~*~*~ (outnumbered).
 25688 | Snake:3  | 25688 ||| INVOKING Heroism.
 25689 | Snake:3  | 25689 ||| Stepping ~*~*~tactically~*~*~ (outnumbered).
 25697 | Snake:3  | Killed a nagaraja
 25702 | Snake:3  | Reached XP level 17. HP: 113/113 MP: 24/24
 25721 | Snake:3  | 25721 ||| INVOKING Heroism.
 25911 | Snake:3  | Reached skill level 22 in Ranged Weapons
 25933 | Snake:3  | 25933 ||| INVOKING Heroism.
 26102 | Snake:3  | 26102 ||| PLANNING SHOALS:1-3
 26102 | Snake:3  | 26102 ||| DROPPING ring of magical power.
 26185 | Shoals:1 | Entered Level 1 of the Shoals
 26245 | Shoals:1 | 26245 ||| INVOKING Heroism.
 26246 | Shoals:1 | 26246 ||| INVOKING Finesse.
 26320 | Shoals:1 | Found Ikibeski's Distillery.
 26348 | Shoals:1 | 26348 ||| BUYING 2 potions of curing (84 gold).
 26348 | Shoals:1 | Bought 2 potions of curing for 84 gold pieces
 26348 | Shoals:1 | 26348 ||| BUYING 2 potions of curing (84 gold).
 26348 | Shoals:1 | Bought 2 potions of curing for 84 gold pieces
 26348 | Shoals:1 | 26348 ||| BUYING potion of curing (42 gold).
 26348 | Shoals:1 | Bought a potion of curing for 42 gold pieces
 26348 | Shoals:1 | 26348 ||| BUYING potion of curing (42 gold).
 26348 | Shoals:1 | Bought a potion of curing for 42 gold pieces
 26348 | Shoals:1 | 26348 ||| SHOPLISTING potion of haste (140 gold, have 17).
 26348 | Shoals:1 | 26348 ||| SHOPLISTING potion of might (56 gold, have 17).
 26374 | Shoals:1 | 26374 ||| INVOKING Heroism.
 26752 | Shoals:1 | 26752 ||| INVOKING Heroism.
 26789 | Shoals:1 | Noticed Kirke
 26805 | Shoals:1 | Killed Kirke
 26994 | Shoals:2 | 26994 ||| STAIRDANCE
 27026 | Shoals:2 | 27026 ||| INVOKING Heroism.
 27042 | Shoals:2 | 27042 ||| Stepping ~*~*~tactically~*~*~ (outnumbered).
 27043 | Shoals:2 | 27043 ||| Stepping ~*~*~tactically~*~*~ (outnumbered).
 27049 | Shoals:2 | 27049 ||| Stepping ~*~*~tactically~*~*~ (outnumbered).
 27330 | Shoals:2 | Received a gift from Okawaru
 27476 | Shoals:2 | Found a runed translucent door.
 27719 | Shoals:2 | Found a corrupted altar of Lugonu.
 27719 | Shoals:2 | Found a one-way gate to the infinite horrors of the Abyss.
 27735 | Shoals:3 | Found Teaqearei's Jewellery Shop.
 27741 | Shoals:3 | 27741 ||| INVOKING Heroism.
 27754 | Shoals:3 | 27754 ||| SHOPLISTING +6 ring of dexterity (684 gold, have
                  | 87).
 27791 | Shoals:3 | 27791 ||| Stepping ~*~*~tactically~*~*~ (outnumbered).
 27793 | Shoals:3 | 27793 ||| INVOKING Heroism.
 27798 | Shoals:3 | 27798 ||| RETREATING.
 27835 | Shoals:3 | 27835 ||| INVOKING Finesse.
 28001 | Shoals:3 | 28001 ||| READING scroll of enchant weapon.
 28001 | Shoals:3 | 28001 ||| ENCHANTING +4 triple crossbow of draining.
 28238 | Shoals:3 | Noticed a kraken
 28242 | Shoals:3 | 28242 ||| INVOKING Heroism.
 28249 | Shoals:3 | Killed a kraken
 28472 | Shoals:3 | Found an ancient bone altar of Kikubaaqudgha.
 28532 | Shoals:3 | 28532 ||| INVOKING Heroism.
 28795 | Shoals:3 | 28795 ||| PLANNING SNAKE:4
 28795 | Shoals:3 | 28795 ||| READING 15 scrolls of identify.
 28795 | Shoals:3 | 28795 ||| IDENTIFYING emerald potion
 28939 | Snake:4  | Entered Level 4 of the Snake Pit
 28940 | Snake:4  | 28940 ||| INVOKING Heroism.
 28941 | Snake:4  | 28941 ||| STAIRDANCE
 28943 | Snake:3  | 28943 ||| Stepping ~*~*~tactically~*~*~ (retreating).
 28944 | Snake:3  | 28944 ||| Stepping ~*~*~tactically~*~*~ (retreating).
 28945 | Snake:3  | 28945 ||| Stepping ~*~*~tactically~*~*~ (retreating).
 28946 | Snake:3  | 28946 ||| Stepping ~*~*~tactically~*~*~ (retreating).
 28947 | Snake:3  | 28947 ||| Stepping ~*~*~tactically~*~*~ (retreating).
 28948 | Snake:3  | Received a gift from Okawaru
 28995 | Snake:4  | 28995 ||| INVOKING Heroism.
 28996 | Snake:4  | 28996 ||| STAIRDANCE
 29129 | Snake:4  | 29129 ||| STAIRDANCE
 29186 | Snake:4  | 29186 ||| Stepping ~*~*~tactically~*~*~ (outnumbered).
 29188 | Snake:4  | 29188 ||| Stepping ~*~*~tactically~*~*~ (outnumbered).
 29189 | Snake:4  | 29189 ||| Stepping ~*~*~tactically~*~*~ (outnumbered).
 29191 | Snake:4  | 29191 ||| Stepping ~*~*~tactically~*~*~ (outnumbered).
 29202 | Snake:4  | 29202 ||| INVOKING Heroism.
 29488 | Snake:4  | Found Ekoleamaa's Assorted Antiques.
 29493 | Snake:4  | 29493 ||| SHOPLISTING 2 potions of might (288 gold, have
                  | 192).
 29493 | Snake:4  | 29493 ||| SHOPLISTING pair of embroidered gloves (270 gold,
                  | have 192).
 29494 | Snake:4  | 29494 ||| INVOKING Heroism.
 29601 | Snake:4  | 29601 ||| RETREATING.
 29603 | Snake:4  | 29603 ||| INVOKING Heroism.
 29604 | Snake:4  | 29604 ||| Stepping ~*~*~tactically~*~*~ (outnumbered).
 29610 | Snake:4  | 29610 ||| Stepping ~*~*~tactically~*~*~ (outnumbered).
 29611 | Snake:4  | 29611 ||| Stepping ~*~*~tactically~*~*~ (outnumbered).
 29612 | Snake:4  | 29612 ||| Stepping ~*~*~tactically~*~*~ (retreating).
 29613 | Snake:4  | 29613 ||| Stepping ~*~*~tactically~*~*~ (retreating).
 29614 | Snake:4  | 29614 ||| Stepping ~*~*~tactically~*~*~ (retreating).
 29620 | Snake:4  | 29620 ||| Stepping ~*~*~tactically~*~*~ (retreating).
 29826 | Snake:4  | 29826 ||| INVOKING Heroism.
 29921 | Snake:4  | 29921 ||| INVOKING Heroism.
 30132 | Snake:4  | 30132 ||| Stepping ~*~*~tactically~*~*~ (outnumbered).
 30134 | Snake:4  | 30134 ||| Stepping ~*~*~tactically~*~*~ (outnumbered).
 30136 | Snake:4  | 30136 ||| Stepping ~*~*~tactically~*~*~ (outnumbered).
 30153 | Snake:4  | 30153 ||| Stepping ~*~*~tactically~*~*~ (outnumbered).
 30154 | Snake:4  | 30154 ||| RETREATING.
 30155 | Snake:4  | 30155 ||| INVOKING Heroism.
 30156 | Snake:4  | 30156 ||| Stepping ~*~*~tactically~*~*~ (outnumbered).
 30157 | Snake:4  | 30157 ||| Stepping ~*~*~tactically~*~*~ (outnumbered).
 30158 | Snake:4  | 30158 ||| Stepping ~*~*~tactically~*~*~ (outnumbered).
 30161 | Snake:4  | 30161 ||| Stepping ~*~*~tactically~*~*~ (outnumbered).
 30163 | Snake:4  | 30163 ||| Stepping ~*~*~tactically~*~*~ (outnumbered).
 30165 | Snake:4  | 30165 ||| RETREATING.
 30168 | Snake:4  | 30168 ||| RETREATING.
 30214 | Snake:4  | Reached XP level 18. HP: 122/122 MP: 25/25
 30236 | Snake:4  | 30236 ||| READING scroll of enchant weapon.
 30236 | Snake:4  | 30236 ||| ENCHANTING +5 triple crossbow of draining.
 30296 | Snake:4  | 30296 ||| Stepping ~*~*~tactically~*~*~ (retreating).
 30297 | Snake:4  | 30297 ||| RETREATING.
 30298 | Snake:4  | 30298 ||| Stepping ~*~*~tactically~*~*~ (retreating).
 30299 | Snake:4  | 30299 ||| Stepping ~*~*~tactically~*~*~ (retreating).
 30305 | Snake:4  | 30305 ||| Stepping ~*~*~tactically~*~*~ (outnumbered).
 30319 | Snake:4  | 30319 ||| INVOKING Heroism.
 30663 | Snake:4  | Found the Hermit's Pendant {Faith Invo=14 Evo=0 MP+5}
 30673 | Snake:4  | 30673 ||| Stepping ~*~*~tactically~*~*~ (outnumbered).
 30691 | Snake:4  | 30691 ||| INVOKING Heroism.
 30711 | Snake:4  | Received a gift from Okawaru
 30861 | Snake:4  | Got a serpentine rune of Zot
 30862 | Snake:4  | 30862 ||| PLANNING VAULTS:1-4
 31115 | Vaults:1 | Entered Level 1 of the Vaults
 31148 | Vaults:1 | 31148 ||| Stepping ~*~*~tactically~*~*~ (outnumbered).
 31149 | Vaults:1 | 31149 ||| Stepping ~*~*~tactically~*~*~ (outnumbered).
 31276 | Vaults:1 | 31276 ||| Stepping ~*~*~tactically~*~*~ (retreating).
 31277 | Vaults:1 | 31277 ||| Stepping ~*~*~tactically~*~*~ (retreating).
 31300 | Vaults:1 | 31300 ||| Stepping ~*~*~tactically~*~*~ (retreating).
 31301 | Vaults:1 | 31301 ||| Stepping ~*~*~tactically~*~*~ (retreating).
 31302 | Vaults:1 | 31302 ||| Stepping ~*~*~tactically~*~*~ (retreating).
 31303 | Vaults:1 | 31303 ||| Stepping ~*~*~tactically~*~*~ (retreating).
 31304 | Vaults:1 | 31304 ||| Stepping ~*~*~tactically~*~*~ (retreating).
 31305 | Vaults:1 | 31305 ||| Stepping ~*~*~tactically~*~*~ (retreating).
 31306 | Vaults:1 | 31306 ||| Stepping ~*~*~tactically~*~*~ (retreating).
 31307 | Vaults:1 | 31307 ||| Stepping ~*~*~tactically~*~*~ (retreating).
 31311 | Vaults:1 | 31311 ||| Stepping ~*~*~tactically~*~*~ (retreating).
 31325 | Vaults:1 | 31325 ||| INVOKING Heroism.
 31335 | Vaults:1 | Reached skill level 18 in Fighting
 31489 | Vaults:1 | Noticed Saint Roka
 31490 | Vaults:1 | 31490 ||| RETREATING.
 31493 | Vaults:1 | 31493 ||| Stepping ~*~*~tactically~*~*~ (outnumbered).
 31497 | Vaults:1 | 31497 ||| Stepping ~*~*~tactically~*~*~ (retreating).
 31498 | Vaults:1 | 31498 ||| INVOKING Heroism.
 31499 | Vaults:1 | 31499 ||| INVOKING Finesse.
 31501 | Vaults:1 | 31501 ||| Stepping ~*~*~tactically~*~*~ (retreating).
 31502 | Vaults:1 | 31502 ||| Stepping ~*~*~tactically~*~*~ (retreating).
 31515 | Vaults:1 | 31515 ||| Stepping ~*~*~tactically~*~*~ (outnumbered).
 31522 | Vaults:1 | Killed Saint Roka
 31632 | Vaults:1 | 31632 ||| RETREATING.
 31651 | Vaults:1 | 31651 ||| Stepping ~*~*~tactically~*~*~ (retreating).
 31672 | Vaults:1 | 31672 ||| RETREATING.
 31679 | Vaults:1 | 31679 ||| READING 15 scrolls of identify.
 31679 | Vaults:1 | 31679 ||| IDENTIFYING amethyst potion
 31680 | Vaults:1 | 31680 ||| DROPPING potion of brilliance.
 31774 | Vaults:1 | 31774 ||| Stepping ~*~*~tactically~*~*~ (outnumbered).
 31777 | Vaults:1 | 31777 ||| RETREATING.
 31779 | Vaults:1 | 31779 ||| INVOKING Heroism.
 31851 | Vaults:1 | You are sucked into a shaft and drop 1 floor!
 31852 | Vaults:2 | 31852 ||| RETREATING.
 31871 | Vaults:2 | Reached skill level 12 in Dodging
 31974 | Vaults:2 | 31974 ||| INVOKING Heroism.
 31980 | Vaults:2 | HP: 29/125 [dire elephant (15)]
 31981 | Vaults:2 | 31981 ||| READING 3 scrolls of teleportation.
 31982 | Vaults:2 | 31982 ||| DRINKING 3 potions of heal wounds.
 32231 | Vaults:2 | Noticed Norris
 32244 | Vaults:2 | Killed Norris
 32244 | Vaults:2 | Identified the +0 helmet of Loss {+Inv Slay-4 SInv}
                  | (Okawaru gifted it to you on level 2 of the Vaults)
 32244 | Vaults:2 | Received a gift from Okawaru
 32257 | Vaults:2 | Reached skill level 12 in Armour
 32354 | Vaults:2 | 32354 ||| RETREATING.
 32406 | Vaults:2 | 32406 ||| DROPPING +0 helmet of Loss {+Inv Slay-4 SInv}.
 32414 | Vaults:1 | Found Qafae's Jewellery Shoppe.
 32419 | Vaults:1 | 32419 ||| SHOPLISTING +6 ring of dexterity (648 gold, have
                  | 369).
 32419 | Vaults:1 | 32419 ||| SHOPLISTING ring "Kyecvu Bahe" {EV+5 Str+4} (925
                  | gold, have 369).
 32530 | Vaults:1 | 32530 ||| FLEEEEING.
 32531 | Vaults:1 | 32531 ||| FLEEEEING.
 32532 | Vaults:1 | 32532 ||| FLEEEEING.
 32594 | Vaults:1 | 32594 ||| FLEEEEING.
 32714 | Vaults:1 | Found Retekk's Weapon Shoppe.
 32964 | Vaults:1 | Reached XP level 19. HP: 132/132 MP: 26/26
 32970 | Vaults:1 | 32970 ||| RETREATING.
 33134 | Vaults:1 | 33134 ||| DROPPING +6 ring of strength.
 33187 | Vaults:2 | Noticed Mennas
 33188 | Vaults:2 | 33188 ||| RETREATING.
 33193 | Vaults:2 | 33193 ||| INVOKING Heroism.
 33194 | Vaults:2 | 33194 ||| DRINKING 17 potions of curing.
 33194 | Vaults:2 | 33194 ||| (to cure confusion)
 33195 | Vaults:2 | 33195 ||| INVOKING Finesse.
 33210 | Vaults:2 | Killed Mennas
 33356 | Vaults:2 | Identified the +2 leather armour "Boyhiwy" {Will+ Slay+2}
 33399 | Vaults:2 | 33399 ||| FLEEEEING.
 33400 | Vaults:2 | 33400 ||| FLEEEEING.
 33401 | Vaults:2 | 33401 ||| FLEEEEING.
 33402 | Vaults:2 | 33402 ||| FLEEEEING.
 33403 | Vaults:2 | 33403 ||| FLEEEEING.
 33404 | Vaults:2 | 33404 ||| FLEEEEING.
 33408 | Vaults:2 | 33408 ||| FLEEEEING.
 33414 | Vaults:2 | 33414 ||| Stepping ~*~*~tactically~*~*~ (outnumbered).
 33417 | Vaults:2 | 33417 ||| Stepping ~*~*~tactically~*~*~ (outnumbered).
 33427 | Vaults:2 | 33427 ||| INVOKING Heroism.
 33554 | Vaults:2 | 33554 ||| Stepping ~*~*~tactically~*~*~ (retreating).
 33562 | Vaults:2 | 33562 ||| INVOKING Heroism.
 33779 | Vaults:2 | 33779 ||| INVOKING Heroism.
 33781 | Vaults:2 | 33781 ||| Stepping ~*~*~tactically~*~*~ (outnumbered).
 33888 | Vaults:2 | Noticed a bone dragon
 33897 | Vaults:2 | 33897 ||| Stepping ~*~*~tactically~*~*~ (retreating).
 33901 | Vaults:2 | 33901 ||| INVOKING Heroism.
 33902 | Vaults:2 | Killed a bone dragon
 34026 | Vaults:2 | Found a staircase to the Crypt.
 34134 | Vaults:2 | 34134 ||| FLEEEEING.
 34154 | Vaults:2 | 34154 ||| FLEEEEING.
 34157 | Vaults:2 | 34157 ||| STAIRDANCE
 34259 | Vaults:1 | 34259 ||| UPGRADING to +2 leather armour "Boyhiwy" {Will+
                  | Slay+2}.
 34269 | Vaults:1 | 34269 ||| UPGRADING to scarf of resistance.
 34279 | Vaults:1 | 34279 ||| DROPPING amulet of regeneration.
 34282 | Vaults:2 | 34282 ||| RETREATING.
 34283 | Vaults:2 | 34283 ||| Stepping ~*~*~tactically~*~*~ (retreating).
 34284 | Vaults:2 | 34284 ||| Stepping ~*~*~tactically~*~*~ (retreating).
 34285 | Vaults:2 | 34285 ||| Stepping ~*~*~tactically~*~*~ (retreating).
 34286 | Vaults:2 | 34286 ||| Stepping ~*~*~tactically~*~*~ (retreating).
 34287 | Vaults:2 | 34287 ||| Stepping ~*~*~tactically~*~*~ (retreating).
 34290 | Vaults:2 | 34290 ||| Stepping ~*~*~tactically~*~*~ (retreating).
 34291 | Vaults:2 | 34291 ||| Stepping ~*~*~tactically~*~*~ (retreating).
 34292 | Vaults:2 | 34292 ||| Stepping ~*~*~tactically~*~*~ (retreating).
 34293 | Vaults:2 | 34293 ||| Stepping ~*~*~tactically~*~*~ (retreating).
 34294 | Vaults:2 | 34294 ||| Stepping ~*~*~tactically~*~*~ (retreating).
 34295 | Vaults:2 | 34295 ||| Stepping ~*~*~tactically~*~*~ (retreating).
 34298 | Vaults:2 | 34298 ||| Stepping ~*~*~tactically~*~*~ (retreating).
 34299 | Vaults:2 | 34299 ||| Stepping ~*~*~tactically~*~*~ (retreating).
 34300 | Vaults:2 | 34300 ||| Stepping ~*~*~tactically~*~*~ (retreating).
 34301 | Vaults:2 | 34301 ||| Stepping ~*~*~tactically~*~*~ (retreating).
 34302 | Vaults:2 | 34302 ||| Stepping ~*~*~tactically~*~*~ (retreating).
 34531 | Vaults:2 | Found a runed translucent door.
 34905 | Vaults:3 | 34905 ||| PLANNING D:1-11
 35163 | D:4      | 35163 ||| PLANNING LAIR
 35323 | Lair:5   | 35323 ||| PLANNING D:1-11
 35541 | D:11     | 35541 ||| PLANNING D
 35669 | D:15     | 35669 ||| PLANNING ORC
 35800 | Orc:2    | 35800 ||| PLANNING SNAKE:1-3
 36013 | Snake:3  | 36013 ||| PLANNING SHOALS:1-3
 36153 | Shoals:3 | 36153 ||| PLANNING SNAKE:4
 36261 | Snake:4  | 36261 ||| PLANNING VAULTS:1-4
 36514 | Vaults:3 | 36514 ||| PLANNING D:1-11
 36782 | D:4      | 36782 ||| PLANNING LAIR
 36942 | Lair:5   | 36942 ||| PLANNING D:1-11
 37160 | D:11     | 37160 ||| PLANNING D
 37288 | D:15     | 37288 ||| PLANNING ORC
 37419 | Orc:2    | 37419 ||| PLANNING SNAKE:1-3
 37599 | Snake:3  | 37599 ||| PLANNING SHOALS:1-3
 37721 | Shoals:3 | 37721 ||| PLANNING SNAKE:4
 37833 | Snake:4  | 37833 ||| PLANNING VAULTS:1-4
 38091 | Vaults:3 | 38091 ||| PLANNING D:1-11
 38361 | D:4      | 38361 ||| PLANNING LAIR
 38521 | Lair:5   | 38521 ||| PLANNING D:1-11
 38739 | D:11     | 38739 ||| PLANNING D
 38867 | D:15     | 38867 ||| PLANNING ORC
 38998 | Orc:2    | 38998 ||| PLANNING SNAKE:1-3
 39178 | Snake:3  | 39178 ||| PLANNING SHOALS:1-3
 39305 | Shoals:3 | 39305 ||| PLANNING SNAKE:4
 39413 | Snake:4  | 39413 ||| PLANNING VAULTS:1-4
 39709 | Vaults:3 | 39709 ||| Stepping ~*~*~tactically~*~*~ (retreating).
 39718 | Vaults:3 | 39718 ||| INVOKING Heroism.
 39719 | Vaults:3 | 39719 ||| INVOKING Finesse.
 39766 | Vaults:3 | 39766 ||| READING scroll of enchant weapon.
 39766 | Vaults:3 | 39766 ||| ENCHANTING +6 triple crossbow of draining.
 39776 | Vaults:3 | Received a gift from Okawaru
 39951 | Vaults:3 | 39951 ||| INVOKING Finesse.
 40074 | Vaults:3 | 40074 ||| Stepping ~*~*~tactically~*~*~ (retreating).
 40079 | Vaults:3 | 40079 ||| INVOKING Heroism.
 40090 | Vaults:3 | HP: 15/135 [vault warden/+3 bardiche (23)]
 40091 | Vaults:3 | 40091 ||| READING 2 scrolls of teleportation.
 40091 | Vaults:3 | Demolished by a vault warden

Levels and vault maps discovered:
D:1:      wander_arrival_estate, layout_loops_corners, serial_bayou_ford_a
D:2:      layout_basic, serial_shops, nicolae_shop_crystal,
          nicolae_shop_tiny_waterfront, shop, hangedman_decor_peaks_small,
          uniq_natasha
D:3:      layout_basic, chei_slow_surprise, old_standard_altar,
          vehumet_altar_wand_db, kennysheep_generic_room_8, uniq_terence
D:4:      kb_forest_paths, layout_basic, lightli_sewer_entry_pipes,
          minmay_quantized
D:5:      corexii_shantytown, layout_basic, minmay_temple_entry_slanted
D:6:      minmay_chambers_of_sixes, layout_rooms,
          riverfiend_overflow_shadow_ancestor, nicolae_sif_muna_little_library,
          serial_shops, nicolae_shop_industrial_runoff, uniq_eustachio,
          uniq_jeremiah, uniq_prince_ribbit1, uniq_maggie
D:7:      layout_loops_ring, minmay_ruffians, uniq_joseph
D:8:      layout_loops_ring
D:9:      layout_loops_ring, yredelemnul_altar_generic, marbit_many_paths,
          special_room [special_room_bee]
D:10:     layout_loops_ring, lemuel_round_altar,
          mainiacjoe_overflow_cross_hatched, lemuel_tele_altar, enter_bailey_5
D:11:     layout_gridville, erik_lair_orcish_takeover
D:12:     layout_long_grid, orc_david_3
D:13:     layout_roguey, gauntlet_entry_generic, serial_bayou,
          serial_bayou_pond_e, serial_bayou_pond_d, serial_bayou_pond_c,
          serial_bayou_pond_a, serial_bayou_pond_c
D:14:     layout_loops_ring, hellmonk_vaults_order_and_chaos, zin_angel
D:15:     grunt_enter_depths_giant_problem, layout_cave_pods, minivault_14,
          chequers_garden
Temple:   nicolae_temple_bog_church
Lair:1:   layout_chaotic_city, beast_lair_carwin_7
Lair:2:   layout_regular_city, minmay_shoals_entry_beasts,
          minmay_snake_entry_guardpost_small, chequers_serial_rivers_small_a,
          minivault_26, infiniplex_staircase_pool_2
Lair:3:   layout_concentric_octagons, lemuel_fruit_tree, uniq_gastronok
Lair:4:   layout_hall_layers, minivault_19, uniq_josephine
Lair:5:   gammafunk_lair_ancient_temple, layout_misc_corridors, slime_entry_1,
          enter_volcano_3, portal_ice_cave_entry_pillars_2,
          nicolae_quartered_pool_impasse, serial_bayou_shore_b
Shoals:1: layout_shoals, serial_shops, nicolae_shop_tiny_glass, uniq_kirke
Shoals:2: layout_shoals, nicolae_shoals_abyss_on_the_beach
Shoals:3: layout_shoals, minmay_shop_enchanted_jewellery,
          nicolae_shoals_cliffside_cave, lemuel_altar_in_water,
          nicolae_shoals_water_elemental_grotto
Snake:1:  layout_misc_corridors, ebering_ghost_rock_garden, uniq_mlioglotl
Snake:2:  layout_layer_cave, serial_shops, shop, grunt_ministairs_6,
          minmay_shop_grove
Snake:3:  layout_rooms
Snake:4:  snake_pit_salamanders_mu, layout_gridlike, minmay_shop_star
Orc:1:    layout_diamond_mine, nicolae_orc_lava_tube
Orc:2:    grunt_orc_gardens, layout_caves, grunt_orc_garden, grunt_orc_garden,
          grunt_orc_garden, grunt_orc_garden, basic_altar
Vaults:1: nicolae_vaults_enemy_cabinets, nicolae_vaults_ninety_degrees,
          nicolae_vaults_bisected_slash, nicolae_vaults_apartment_1,
          nicolae_vaults_puzzle_piece, nicolae_vaults_taking_the_gang_shopping,
          v_alt_pattern_4, nicolae_vaults_little_squares_3, v_misc_24,
          v_misc_28, hangedman_vaults_stream, vaults_room_fours,
          vaults_dpeg_hooks, v_misc_13, layout_vaults_omnibox, serial_shops,
          shop, uniq_saint_roka
Vaults:2: v_alt_pattern_5, nicolae_vaults_spaceships, v_misc_22,
          nicolae_vaults_more_shelving_1, v_rooms_3,
          minmay_crypt_entry_nasty_monster, nicolae_vaults_trapezoid_2,
          nicolae_vaults_surprise_closet, vaults_standard_mumra_x,
          nicolae_vaults_gold_heap, nicolae_vaults_oozy_zoo,
          layout_vaults_big_room, uniq_norris, uniq_mennas
Vaults:3: ploomutoo_gammafunk_ghost_potion_laboratory, vaults_room_corners,
          nicolae_vaults_network_s, nicolae_vaults_trapezoid_lopsided_3,
          ontoclasm_vaults_decontamination, nicolae_vaults_yaktaur_gun_rack,
          nicolae_vaults_storage_closets_2, nicolae_vaults_heart-shaped_vault,
          nicolae_vaults_lightning_bolt, nicolae_vaults_surprise_closet,
          nicolae_vaults_angled_halls, vaults_room_mumra_shop_pool,
          nicolae_vaults_holding_cells, layout_vaults_ring

Skill      XL: |  1  2  3  4  5  6  7  8  9 10 11 12 13 14 15 16 17 18 19 |
---------------+----------------------------------------------------------+-----
Ranged Weapons | 5 6 7 8 9 10 13 14 15 17 19 20 21 22 | 22.0
Fighting       | 3 4 5 7 8 9 10 11 13 14 15 16 18 20 | 20.0
Armour         | 1 2 3 5 6 7 8 9 10 12 | 12.5
Dodging        | 2 4 5 6 8 9 11 12 13 | 13.3
Invocations    | 1 4 8 10 | 10.0
Stealth        | |  1.1

Action                     |  1- 3 |  4- 6 |  7- 9 | 10-12 | 13-15 | 16-18 | 19-21 || total
---------------------------+-------+-------+-------+-------+-------+-------+-------++-------
   Fire: Shortbow          |   112 |   286 |   413 |   185 |       |       |       ||   996
         Orcbow            |       |       |       |  1003 |    83 |       |       ||  1086
         Triple crossbow   |       |       |       |       |   807 |  1094 |   232 ||  2133
 Invoke: Heroism           |       |       |    11 |    23 |    32 |    34 |     7 ||   107
         Finesse           |       |       |       |     1 |     7 |     4 |     3 ||    15
    Use: Scroll            |     4 |     5 |     9 |     7 |    10 |     5 |     2 ||    42
         Potion            |       |     1 |     2 |       |       |     2 |     1 ||     6
 Armour: Leather armour    |    22 |     4 |       |       |       |       |    51 ||    77
         Ring mail         |       |   102 |   167 |       |   330 |   483 |    61 ||  1143
         Acid dragon scale |       |       |    24 |   422 |    24 |       |       ||   470
  Dodge: Dodged            |    21 |   120 |   270 |   832 |   567 |   901 |   254 ||  2965

Table legend:
 A = Non-vault XP
 B = Vault XP
 C = Vault XP percentage of total XP
 D = Non-vault monster count
 E = Vault monster count
 F = Vault count percentage of total count
                 A         B        C        D         E       F
            +---------+---------+-------+---------+---------+-------
      Total |  244941 |  132854 |  35.2 |     745 |     337 |  31.1
            +---------+---------+-------+---------+---------+-------
        D:1 |      36 |       0 |   0.0 |      21 |       0 |   0.0
        D:2 |     107 |      35 |  24.6 |      22 |       1 |   4.3
        D:3 |      47 |      41 |  46.6 |      13 |       4 |  23.5
        D:4 |     196 |     300 |  60.5 |      15 |      21 |  58.3
        D:5 |     474 |     119 |  20.1 |      13 |      33 |  71.7
        D:6 |    1087 |    1977 |  64.5 |      27 |      10 |  27.0
        D:7 |    1249 |    1626 |  56.6 |      15 |       7 |  31.8
        D:8 |    1107 |       0 |   0.0 |      19 |       0 |   0.0
        D:9 |    2394 |    1850 |  43.6 |      25 |      26 |  51.0
       D:10 |     864 |       7 |   0.8 |       9 |       4 |  30.8
       D:11 |    4157 |     617 |  12.9 |      23 |       9 |  28.1
       D:12 |    2471 |     404 |  14.1 |      12 |       5 |  29.4
       D:13 |   11148 |       0 |   0.0 |      32 |       0 |   0.0
       D:14 |   10680 |    1989 |  15.7 |      31 |       2 |   6.1
       D:15 |    8632 |    1304 |  13.1 |      16 |       1 |   5.9
     Lair:1 |    3892 |    1097 |  22.0 |      17 |       6 |  26.1
     Lair:2 |    4579 |    1292 |  22.0 |      15 |       5 |  25.0
     Lair:3 |    7205 |    1419 |  16.5 |      29 |       1 |   3.3
     Lair:4 |   14573 |    1752 |  10.7 |      35 |       5 |  12.5
     Lair:5 |    8236 |    9327 |  53.1 |      16 |      22 |  57.9
   Shoals:1 |   12399 |    2211 |  15.1 |      23 |       5 |  17.9
   Shoals:2 |    7541 |     430 |   5.4 |      21 |       1 |   4.5
   Shoals:3 |   10435 |    1254 |  10.7 |      21 |       6 |  22.2
    Snake:1 |   20570 |    1779 |   8.0 |      41 |       1 |   2.4
    Snake:2 |   20062 |     631 |   3.0 |      39 |       2 |   4.9
    Snake:3 |   24502 |       0 |   0.0 |      45 |       0 |   0.0
    Snake:4 |   15522 |   21410 |  58.0 |      29 |      36 |  55.4
      Orc:1 |    2541 |    4006 |  61.2 |      23 |      10 |  30.3
      Orc:2 |    2537 |    4447 |  63.7 |      28 |      17 |  37.8
   Vaults:1 |   18942 |   22608 |  54.4 |      30 |      44 |  59.5
   Vaults:2 |   19816 |   32466 |  62.1 |      29 |      33 |  53.2
   Vaults:3 |    6940 |   16456 |  70.3 |      11 |      20 |  64.5
            +---------+---------+-------+---------+---------+-------
